 Dungeon Crawl Stone Soup version 0.26.1-11-gd32895ea62 (webtiles) character file.

Game seed: 7857687645873437255

2083 Descartes the Gusty (level 9, -12/44 HPs)
             Began as a Vine Stalker Wanderer on July 25, 2021.
             Mangled by an orc warrior
             ... wielding a +0 broad axe
              (15 damage)
             ... on level 5 of the Dungeon.
             The game lasted 00:17:58 (6145 turns).

Descartes the Gusty (Vine Stalker Wanderer)         Turns: 6145, Time: 00:17:58

Health: -12/44     AC:  5    Str: 18    XL:     9   Next: 27%
Magic:  0/12       EV: 11    Int: 12    God:
Gold:   271        SH:  0    Dex: 14    Spells: 10/11 levels left

rFire    . . .     SeeInvis .   a - +2 dagger
rCold    . . .     Faith    .   (no shield)
rNeg     . . .     Spirit   +   g - +0 leather armour
rPois    .         Reflect  .   j - +0 helmet
rElec    .         Harm     .   B - +0 cloak
rCorr    .         Rampage  .   (no gloves)
Will     +....                  (no boots)
Stlth    +++.......             w - amulet of the acrobat
HPRegen  0.54/turn              (no ring)
MPRegen  0.13/turn              (no ring)

@: no status effects
A: fangs 3, regeneration 1, magic shield, antimagic bite, no potion heal 3
a: no special abilities


You were on level 5 of the Dungeon.
You visited 1 branch of the dungeon, and saw 6 of its levels.

You collected 271 gold pieces.

Inventory:

Hand Weapons
 a - a +2 dagger (weapon)
 p - a +0 hand crossbow
 t - a +1 whip of freezing
 A - a +2 quarterstaff of chaos
Missiles
 i - 73 stones
 u - 13 poisoned darts
 y - 49 arrows
 z - 19 bolts
 C - 8 boomerangs
Armour
 e - a +0 kite shield
 g - a +0 leather armour (worn)
 j - a +0 helmet (worn)
 s - a +0 plate armour
 v - a +0 robe of positive energy
 B - a +0 cloak (worn)
Jewellery
 h - an uncursed ring of fire
 w - an amulet of the acrobat (around neck)
Wands
 x - a wand of digging (5)
Scrolls
 b - a scroll of fear
 f - 4 scrolls of blinking {unknown}
 m - 2 scrolls of fog {unknown}
 o - 3 scrolls of remove curse
 r - a scroll of magic mapping {unknown}
 E - a scroll of teleportation {unknown}
 F - a scroll of identify
 G - 3 scrolls of summoning {unknown}
 H - a scroll of enchant armour {unknown}
Potions
 c - 3 potions of lignification
 d - a potion of magic {unknown}
 k - a potion of ambrosia
 l - 5 potions of curing
 n - 3 potions of brilliance
 D - 3 potions of mutation {unknown}


   Skills:
 + Level 3.1 Fighting
 + Level 3.4(4.0) Short Blades
 + Level 2.9(3.7) Long Blades
 - Level 1.0 Dodging
 + Level 4.8 Stealth
 + Level 4.1 Shields
 + Level 4.6 Unarmed Combat
 + Level 1.6 Spellcasting
 + Level 4.7 Conjurations
 + Level 4.8 Air Magic
 - Level 1.0 Poison Magic


You had 10 spell levels left.
You knew the following spells:

 Your Spells              Type           Power        Failure   Level
a - Shock                 Conj/Air       48%          4%          1

Your spell library contained the following spells:

 Spells                   Type           Power        Failure   Level
 Mephitic Cloud           Conj/Pois/Air  9%           24%         3
 Animate Skeleton         Necr           0%           34%         1
 Apportation              Tloc           0%           34%         1
 Corona                   Hex            0%           34%         1
 Summon Small Mammal      Summ           0%           34%         1


Dungeon Overview and Level Annotations

Branches:
Dungeon (6/15)
 Temple: D:4-7

Altars:
Vehumet
Wu Jian
The Shining One

Shops:
D:4 =   D:5 !*


Innate Abilities, Weirdness & Mutations

You have razor-sharp teeth.
Your natural rate of healing is unusually fast.
When hurt, damage is shared between your health and your magic reserves.
Your bite disrupts and absorbs the magic of your enemies.
Potions cannot restore your health.


Message History

The orc warrior is moderately wounded.
The orc warrior hits you with a +0 broad axe!!
* * * LOW HITPOINT WARNING * * *
You hit the orc warrior but do no damage.
You bite the orc warrior. You drain its power.
You feel invigorated.
The orc warrior is heavily wounded.
You barely miss the orc warrior. Your bite misses the orc warrior.
The orc warrior is heavily wounded.
The orc warrior barely misses you.
You hit the orc warrior but do no damage.
The orc warrior is heavily wounded.
You closely miss the orc warrior.
The orc warrior is heavily wounded.
The orc warrior hits you with a +0 broad axe!
* * * LOW HITPOINT WARNING * * *
You hit the orc warrior but do no damage.
Your bite misses the orc warrior.
The orc warrior is heavily wounded.
The orc warrior hits you with a +0 broad axe!
You die...

#...########.......#..##..#
#..)......>..#...###..##..#
#........))รท.#...#
#..##..#
##...........#...###..##..#
.'...........'........##..#
##...........#......#.##..#
#...........#......#...<.#
#...........##..[.....##.#
#........#####.@o.....##.#
#.........####........##.#
##..............#########.#
........_.......###### #.#
................#....# #.#
...........######....# #.#
..........## #....# #.#
...######## ##....# #.#
...##...# #.....# #.#


You could see an orc warrior.

Vanquished Creatures
  Pikel (D:4)
  Grinder (D:3)
  3 ice beasts
  An orc warrior (D:6)
  A centaur (D:5)
  A big kobold (D:4)
  A scorpion (D:6)
  A water moccasin skeleton (D:5)
  3 wights
  A bullfrog zombie (D:6)
  2 jellies (D:5)
  A centaur zombie (D:5)
  3 hounds
  A centaur skeleton (D:4)
  2 bullfrog skeletons
  An orc priest (D:2)
  Crazy Yiuf (D:3)
  An orc wizard (D:6)
  3 worker ants
  A hound zombie (D:6)
  5 gnolls
  6 adders
  3 white imps
  2 ufetubi (D:5)
  An ooze (D:4)
  An adder skeleton (D:4)
  2 worms (D:2)
  2 dart slugs
  3 leopard geckos
  17 orcs
  5 giant cockroaches
  7 goblins
  7 hobgoblins
  9 jackals
  5 kobolds
  A quokka (D:5)
  3 ball pythons
  3 bats
  4 frilled lizards (D:1)
  A goblin zombie (D:5)
  2 hobgoblin zombies (D:5)
  4 kobold skeletons (D:5)
  A kobold zombie (D:5)
  A leopard gecko skeleton (D:4)
  2 orc skeletons (D:5)
  An orc zombie (D:5)
  7 rats
135 creatures vanquished.

Vanquished Creatures (others)
  A fungus (D:3)
1 creature vanquished.

Grand Total: 136 creatures vanquished

Notes
Turn   | Place    | Note
-------+----------+-------------------------------------------
     0 | D:1      | Descartes the Vine Stalker Wanderer began the quest for the
                  | Orb.
     0 | D:1      | Descartes set off with the following items: a +2 dagger, a
                  | scroll of fear, a potion of lignification, a +0 robe; and
                  | the following spell memorised: Shock; and the following
                  | spells available to memorise: Mephitic Cloud
     0 | D:1      | Reached XP level 1. HP: 10/10 MP: 3/3
   149 | D:1      | Reached skill level 1 in Unarmed Combat
   149 | D:1      | Reached skill level 1 in Conjurations
   149 | D:1      | Reached XP level 2. HP: 14/14 MP: 0/4
   427 | D:1      | Reached XP level 3. HP: 17/18 MP: 5/5
  1496 | D:2      | Gained mutation: Your natural rate of healing is unusually
                  | fast. [Vine Stalker growth]
  1496 | D:2      | Reached XP level 4. HP: 22/22 MP: 6/6
  1875 | D:2      | Found a radiant altar of Vehumet.
  2204 | D:3      | Reached XP level 5. HP: 25/25 MP: 4/7
  2753 | D:3      | Noticed Grinder
  2783 | D:3      | Killed Grinder
  2784 | D:3      | Reached XP level 6. HP: 17/30 MP: 8/8
  3119 | D:3      | Found a runed translucent door.
  3120 | D:3      | Noticed Crazy Yiuf
  3134 | D:3      | Killed Crazy Yiuf
  3595 | D:4      | Reached XP level 7. HP: 28/33 MP: 9/9
  3599 | D:4      | Noticed Pikel
  3615 | D:4      | Killed Pikel
  3616 | D:4      | Reached skill level 1 in Long Blades
  3616 | D:4      | Gained mutation: You have razor-sharp teeth. [Vine Stalker
                  | growth]
  3616 | D:4      | Reached XP level 8. HP: 24/39 MP: 6/10
  3763 | D:4      | Found Niutas's Jewellery Shoppe.
  4098 | D:5      | Entered Level 5 of the Dungeon
  4106 | D:5      | Found a glowing golden altar of the Shining One.
  4246 | D:5      | Found Qoybli's Distillery.
  4641 | D:5      | Found an ornate altar of the Wu Jian Council.
  4702 | D:5      | Found Nudidacy's Assorted Antiques.
  5547 | D:5      | Reached XP level 9. HP: 28/42 MP: 9/11
  6145 | D:5      | Mangled by an orc warrior

Illustrated notes

Levels and vault maps discovered:
D:1:      amcnicky_arrival_flooded_fountain, layout_basic,
          amcnicky_mini_rare_corridor_liquid
D:2:      layout_rooms, nicolae_overflow_hidden_temple
D:3:      layout_loops_ring, uniq_grinder, uniq_crazy_yiuf_cottage
D:4:      layout_rooms, serial_shops, nicolae_shop_stone, uniq_pikel
D:5:      layout_basic, nicolae_tso_besieged_by_evil, basic_altar, serial_shops,
          shop, shop, st_stairs_9, hex_intersection
D:6:      layout_gridville, nemelex_xobeh_ov_fountains_minmay,
          corexii_checkpoint_a

Skill      XL: |  1  2  3  4  5  6  7  8  9 |
---------------+----------------------------+-----
Unarmed Combat | 1 2 3 4 |  4.6
Conjurations   | 1 2 3 4 |  4.7
Air Magic      | 2 3 4 |  4.8
Shields        | 2 3 4 |  4.1
Short Blades   | 2 3 |  3.4
Long Blades    | 1 2 |  2.9
Stealth        | 3 4 |  4.8
Fighting       | 2 3 |  3.1
Dodging        | |  1.0
Spellcasting   | |  1.6
Poison Magic   | |  1.0

Action                   |  1- 3 |  4- 6 |  7- 9 || total
-------------------------+-------+-------+-------++-------
Melee: Dagger            |    50 |   119 |   318 ||   487
       Bite              |    10 |    35 |   100 ||   145
       Punch             |       |     2 |     5 ||     7
 Cast: Shock             |    34 |    83 |    10 ||   127
  Use: Scroll            |       |     7 |       ||     7
       Potion            |       |       |     3 ||     3
 Stab: Sleeping          |     2 |       |     4 ||     6
       Invisible         |       |       |     3 ||     3
Armor: Robe              |     3 |       |       ||     3
       Leather armour    |    13 |    28 |    48 ||    89
Dodge: Dodged            |    32 |    84 |   158 ||   274
